 Dungeon Crawl Stone Soup version 0.30-a0-637-gacddeb6d44 (webtiles) character file.

Game seed: 8673737888805385009

23 Leeroy the Slasher (level 2, 0/17 HPs)
             Began as a Tengu Warper on Jan 15, 2023.
             Succumbed to an adder's poison
             ... on level 2 of the Dungeon.
             The game lasted 00:00:57 (997 turns).

Leeroy the Slasher (Tengu Warper)                    Turns: 997, Time: 00:00:58

Health: 0/17       AC:  3    Str: 11    XL:     2   Next: 95%
Magic:  6/6        EV: 11    Int: 13    God:
Gold:   26         SH:  0    Dex: 13    Spells: 5/5 levels left

rFire   . . .      SeeInvis .    a - +0 falchion
rCold   . . .      Faith    .    (no shield)
rNeg    . . .      Spirit   .    b - +0 leather armour
rPois   .          Reflect  .    (helmet restricted)
rElec   .          Harm     .    (no cloak)
rCorr   .          Rampage  .    (no gloves)
Will    .....                    (boots unavailable)
Stlth   +                        (no amulet)
HPRegen 0.22/turn                (no ring)
MPRegen 0.10/turn                (no ring)

@: brilliant, lethally poisoned (0 -> -5), hasted, very quick
A: beak, talons 3
a: no special abilities


You were on level 2 of the Dungeon.
You visited 1 branch of the dungeon, and saw 2 of its levels.

You collected 26 gold pieces.

Inventory:

Hand Weapons
 a - a +0 falchion (weapon)
Missiles
 d - 7 boomerangs of dispersal (quivered)
 k - 5 silver javelins
Armour
 b - a +0 leather armour (worn)
Scrolls
 c - a scroll of blinking
 f - 2 scrolls of identify {unknown}
 i - a scroll of noise {unknown}
Potions
 g - a potion of heal wounds {unknown}
 h - a potion of curing {unknown}


   Skills:
 - Level 2.0 Fighting
 + Level 3.7 Long Blades
 - Level 1.0 Throwing
 - Level 1.1 Armour
 - Level 2.1 Dodging
 - Level 2.0 Spellcasting
 - Level 2.4 Translocations


You had 5 spell levels left.
You didn't know any spells.
Your spell library contained the following spells:

 Spells                   Type           Power      Damage    Failure   Level
 Blink                    Tloc           22%        N/A       19%         2
 Lesser Beckoning         Tloc           22%        N/A       36%         3
 Teleport Other           Tloc           11%        N/A       36%         3
 Vhi's Electric Charge    Tloc/Air       12%        N/A       52%         3
 Manifold Assault         Tloc           11%        N/A       77%         4


Dungeon Overview and Level Annotations

Branches:
Dungeon (2/15)

Altars:


Innate Abilities, Weirdness & Mutations

You have a beak for a mouth.
You have claws for feet.


Message History

Found a dented cameo amulet and 14 gold pieces.
The goblin barely misses you.
A rat comes into view.
You hit the goblin.
The goblin is severely wounded.
The goblin hits you with a +0 dagger.
An adder comes into view.
You barely miss the goblin. Your kick misses the goblin.
Your peck misses the goblin.
The goblin is severely wounded.
The goblin barely misses you.
You slash the goblin!
You kill the goblin!
The rat bites you.
Things that are here:
a +0 dagger; 9 gold pieces You barely miss the rat.
You claw the rat. You peck the rat.
You kill the rat!
The adder bites you.
You closely miss the adder. Your kick misses the adder. The adder bites you.
You are poisoned.
The adder poisons you!
You miss the adder.
You feel sick. The adder completely misses you.
Okay, then.
You hit the adder.
The adder is heavily wounded.
You feel sick. The adder barely misses you. The adder misses you.
You closely miss the adder. Your kick misses the adder.
The adder is heavily wounded.
You feel sick. The adder bites you.
* * * LOW HITPOINT WARNING * * *
You are more poisoned.
The adder poisons you!
It was a potion of haste.
You feel yourself speed up.
* * * LOW HITPOINT WARNING * * *
You feel sick. The adder closely misses you.
The adder bites you but does no damage.
It was a potion of brilliance.
You feel clever all of a sudden.
You die...

#..# .......## #..#
........## ##..#
.........## ..# #...#
."........##..# #.#<#
...........##.# #..<#
.......?....#.# #...#
............#.# #...#
.♣.†)@...#.# ##.#.#
#...S....'.###..#.#
#..."....'.##.....#
♣..♣.......#.....#.##
............#.#.#.#.#
............#.....#.#
.$..?......##.......#
.....$...####..##..#
......# #..# ..#


You could see an adder.

Vanquished Creatures
  4 ball pythons (D:1)
  2 endoplasms
  A giant cockroach (D:1)
  4 goblins
  3 hobgoblins (D:1)
  4 bats (D:1)
  A frilled lizard (D:1)
  A kobold (D:1)
  A rat (D:2)
21 creatures vanquished.

Notes
Turn   | Place    | Note
-------+----------+-------------------------------------------
     0 | D:1      | Leeroy the Tengu Warper began the quest for the Orb.
     0 | D:1      | Reached XP level 1. HP: 12/12 MP: 4/4
    69 | D:1      | Reached skill level 3 in Long Blades
    69 | D:1      | Reached XP level 2. HP: 12/17 MP: 6/6
   997 | D:2      | Succumbed to an adder's poison

Illustrated notes

Levels and vault maps discovered:
D:1:      lightli_arrival_quake, layout_basic, minmay_cupped
D:2:      kennysheep_big_flooded_room, layout_rooms, kennysheep_generic_room_16

Skill      XL: |  1 |
---------------+----+-----
Long Blades    | 3 |  3.7
Fighting       | |  2.0
Throwing       | |  1.0
Armour         | |  1.1
Dodging        | |  2.1
Spellcasting   | |  2.0
Translocations | |  2.4

Action                   || total
-------------------------++-------
Melee: Falchion          ||    49
       Kick              ||     9
       Peck              ||     4
  Use: Potion            ||     2
Armor: Leather armour    ||    19
Dodge: Dodged            ||    33

Table legend: (Time is in decaauts)
 A = Elapsed time spent in this place.
 B = Non-inter-level travel time spent in this place.
 C = Inter-level travel time spent in this place.
 D = Time resting spent in this place.
 E = Time spent auto-exploring this place.
 F = Levels seen in this place.
 G = Mean time per level.
                   A        B        C        D        E       F      G
               +--------+--------+--------+--------+--------+-----+--------+
         Total |   1004 |    965 |     39 |      0 |    845 |   2 |  502.0 |
       Dungeon |   1004 |    965 |     39 |      0 |    845 |   2 |  502.0 |
               +--------+--------+--------+--------+--------+-----+--------+

Top non-repeatable levels by time:
     D:1: 969 daAuts
     D:2: 35 daAuts
